 Dungeon Crawl Stone Soup version 0.17-a0-896-g249456b (console) character file.

74 dunyain the Chopper (level 4, 18/33 HPs)
             Began as a Demonspawn Gladiator on May 1, 2015.
             Quit the game on level 3 of the Dungeon.
             The game lasted 00:02:01 (1530 turns).

dunyain the Chopper (Demonspawn Gladiator)          Turns: 1530, Time: 00:02:01

Health: 18/33      AC:  8    Str: 15    XL:     4   Next: 9%
Magic:  4/4        EV: 12    Int:  9    God:
Gold:   205        SH:  0    Dex: 14    Spells: 0 memorised, 3 levels left

rFire  . . .     SeeInvis .     a - +0 war axe
rCold  + . .     Clarity  .     b - +0 leather armour
rNeg   . . .     SustAb   .     (no shield)
rPois  .         Gourm    .     c - +0 helmet
rElec  .         Spirit   .     (no cloak)
rCorr  .         Warding  .     (no gloves)
rMut   .         Stasis   .     (no boots)
MR     .....                    (no amulet)
Stlth  +.........               (no ring)
                                i - ring of wizardry

@: mildly poisoned (18 -> 17), not resistant to hostile enchantments, very
unstealthy
A: rough black scales 1, cold resistance 1, rot immunity
a: no special abilities


You were on level 3 of the Dungeon.
You were very hungry.

You visited 1 branch of the dungeon, and saw 3 of its levels.

You collected 205 gold pieces.

Inventory:

Hand weapons
 a - a +0 war axe (weapon)
Missiles
 d - 3 throwing nets (quivered)
Armour
 b - a +0 leather armour (worn)
 c - a +0 helmet (worn)
Jewellery
 i - a ring of wizardry (left hand)
 t - an uncursed ring of ice
Scrolls
 f - 2 scrolls of random uselessness {unknown}
 g - 2 scrolls of recharging {unknown}
 j - a scroll of identify {unknown}
 k - 2 scrolls of remove curse {unknown}
 n - 2 scrolls of blinking {unknown}
 s - a scroll of noise {unknown}
 x - a scroll of teleportation {unknown}
Potions
 m - 2 potions of heal wounds {unknown}
 p - 2 potions of poison {unknown}
 r - a potion of might {unknown}
 v - a potion of curing {unknown}
 w - a potion of resistance {unknown}
Comestibles
 e - a bread ration
 l - a beef jerky
 u - 2 fruits


   Skills:
 - Level 2.0 Fighting
 + Level 4.5 Axes
 - Level 1.7 Throwing
 - Level 2.6 Dodging


You had 3 spell levels left.
You didn't know any spells.

Dungeon Overview and Level Annotations

Branches:
Dungeon (3/15)

Altars:
Qazlal
Yredelemnul

Annotations:
D:2 Jessica


Innate Abilities, Weirdness & Mutations

You are partially covered in rough black scales (AC +4, Dex -1).
Your flesh is cold resistant.
You are immune to rotting.


Message History

You hit the goblin.
You kill the goblin!
The adder closely misses you.
Unknown command.
You closely miss the adder.
The adder is almost dead.
You hit the rat.
You kill the rat!
You feel sick. The adder barely misses you. The adder closely misses you.
Unknown command.
You closely miss the adder.
The adder is almost dead.
The adder barely misses you. The adder bites you.
You hit the adder.
You kill the adder!
You have reached level 4!
You feel agile.
Your demonic ancestry asserts itself...
You feel resistant to cold.
No target in view!
Are you sure you want to abandon this character and quit the game? (Confirm with "yes".)

### ......
#....## .
.......# ...
#......# ....!
#...?..
.....###....####
........††.......
#..###..?@†....#
#.......<....###
#..##........#
............#
............#
.##.....##.##
....#.## .# >....
.# #...


There were no monsters in sight!

Vanquished Creatures
  Robin (D:2)
  An adder (D:3)
  11 bats
  A giant cockroach (D:1)
  12 goblins
  9 hobgoblins
  5 kobolds
  2 quokkas (D:2)
  3 giant newts
  6 rats
  A fungus (D:2)
52 creatures vanquished.

Vanquished Creatures (others)
  A fungus (D:2)
1 creature vanquished.

Grand Total: 53 creatures vanquished

Notes
Turn   | Place    | Note
--------------------------------------------------------------
     0 | D:1      | dunyain, the Demonspawn Gladiator, began the quest for the Orb.
     0 | D:1      | Reached XP level 1. HP: 16/16 MP: 1/1
    63 | D:1      | Reached skill level 3 in Axes
   126 | D:1      | Gained mutation: You are partially covered in rough black scales (AC +4, Dex -1). [demonic ancestry]
   126 | D:1      | Reached XP level 2. HP: 13/22 MP: 2/2
   780 | D:2      | Found a stormy altar of Qazlal.
   783 | D:2      | Noticed Robin
   815 | D:2      | Gained mutation: You are immune to rotting. [demonic ancestry]
   815 | D:2      | Reached XP level 3. HP: 24/27 MP: 3/3
   849 | D:2      | Found a basalt altar of Yredelemnul.
   891 | D:2      | Reached skill level 4 in Axes
   916 | D:2      | Killed Robin
  1493 | D:2      | Noticed Jessica
  1529 | D:3      | Gained mutation: Your flesh is cold resistant. [demonic ancestry]
  1529 | D:3      | Reached XP level 4. HP: 18/33 MP: 4/4
  1530 | D:3      | Quit the game

Action                   |  1- 3 |  4- 6 || total
-------------------------+-------+-------++-------
Melee: War axe           |   138 |       ||   138
  Eat: Chunk             |     1 |       ||     1
